 Dungeon Crawl Stone Soup version 0.24.0-13-gcf9b3192b9 (webtiles) character file.

Game seed: 16819356186900515284, levelgen mode: deterministic

293 Iamsoldier the Poker (level 6, 0/51 HPs)
             Began as a Merfolk Berserker on Nov 5, 2019.
             Was a Believer of Trog.
             Killed by divine providence
             ... invoked by an orc priest
              (14 damage)
             ... on level 4 of the Dungeon.
             The game lasted 00:07:21 (3387 turns).

Iamsoldier the Poker (Merfolk Berserker)            Turns: 3387, Time: 00:07:22

Health: 0/51       AC:  5    Str: 19    XL:     6   Next: 33%
Magic:  6/6        EV: 18    Int:  7    God:    Trog [**....]
Gold:   119        SH:  0    Dex: 18    Spells: 5/5 levels left

rFire    + . .     SeeInvis .   j - +4 whip
rCold    + . .     Gourm    .   (no shield)
rNeg     . . .     Faith    .   n - +0 ring mail
rPois    +         Spirit   .   (no helmet)
rElec    +         Reflect  .   (no cloak)
rCorr    +         Harm     .   (no gloves)
MR       ++...                  (no boots)
Stlth    ++........             (no amulet)
HPRegen  1.17/turn              (no ring)
MPRegen  0.10/turn              (no ring)

@: agile, lethally poisoned (0 -> -5), resistant, berserk cooldown,
regenerating, hasted and slowed
A: change form in water, swift swim, stealthy swim
a: Berserk, Trog's Hand, Renounce Religion


You were on level 4 of the Dungeon.
You worshipped Trog.
Trog was pleased with you.
You were hungry.

You visited 1 branch of the dungeon, and saw 4 of its levels.

You collected 119 gold pieces.

Inventory:

Hand Weapons
 a - a +0 spear
 j - a +4 whip (weapon)
Missiles
 r - 7 silver boomerangs (quivered)
Armour
 b - a +0 animal skin
 n - a +0 ring mail (worn)
Scrolls
 d - 2 scrolls of immolation {unknown}
 e - a scroll of random uselessness {unknown}
 g - 2 scrolls of amnesia {unknown}
 h - 4 scrolls of teleportation {unknown}
 i - a scroll of fear {unknown}
 o - 2 scrolls of identify {unknown}
 p - a scroll of fog {unknown}
Potions
 f - a potion of lignification
Comestibles
 c - 4 rations


   Skills:
 * Level 5.1 Fighting
 * Level 6.7 Polearms
 + Level 2.3 Armour
 + Level 4.2 Dodging


You had 5 spell levels left.
You didn't know any spells.
Your spell library was empty.

Dungeon Overview and Level Annotations

Branches:
Dungeon (4/15)             Temple (0/1) D:4

Altars:
Makhleb
Okawaru
Wu Jian
Xom


Message History

Something tries to affect you, but you resist.
You hit something.
You feel very sick. Something hits you but does no damage.
You are more poisoned.
The orc priest calls down the wrath of Beogh upon you.
Beogh smites you!
Your skin crawls.
You feel resistant to hostile enchantments.
You are feeling hungry.
You feel very sick. Something hits you but does no damage.
You feel sick.
A magic dart appears from out of thin air!
The magic dart hits you.
You feel very sick.
You feel sick.
The orc priest mumbles some strange prayers to Beogh against you.
Beogh smites you!
You die...

...... .# ......###
.# ..S§..... >#####
.<.S....# .....
....o...# ...#
........# ...#
.......S######...####
.......oSo...@.......
.......o######..#####
........# ..#
......... ..#
#.##.###. ..# . #. .#
8.# . .. >.. #. ..
8..


You could see an orc priest, 2 adders and 2 orcs.

Vanquished Creatures
  An ice beast (D:4)
  A crimson imp (D:3)
  An orc wizard (D:3)
  7 adders
  An ooze (D:3)
  2 worms
  A dart slug (D:3)
  8 orcs (D:3)
  6 bats
  3 giant cockroaches (D:2)
  3 goblins
  7 hobgoblins
  3 jackals (D:3)
  2 quokkas
  A ball python (D:1)
  A frilled lizard (D:3)
  2 kobolds (D:2)
  7 rats
57 creatures vanquished.

Notes
Turn   | Place    | Note
-------+----------+-------------------------------------------
     0 | D:1      | Iamsoldier the Merfolk Berserker began the quest for the
                  | Orb.
     0 | D:1      | Reached XP level 1. HP: 18/18 MP: 1/1
   380 | D:1      | Reached XP level 2. HP: 24/24 MP: 2/2
   829 | D:2      | Reached XP level 3. HP: 7/30 MP: 3/3
   956 | D:2      | Reached skill level 5 in Polearms
  1921 | D:3      | Reached XP level 4. HP: 34/37 MP: 4/4
  2087 | D:3      | Reached ** piety under Trog
  2268 | D:3      | Reached XP level 5. HP: 43/43 MP: 5/5
  2278 | D:3      | Reached skill level 6 in Polearms
  2545 | D:3      | Found an ornate altar of the Wu Jian Council.
  2594 | D:3      | Found an iron altar of Okawaru.
  2977 | D:3      | Found a shimmering altar of Xom.
  2977 | D:3      | Found a burning altar of Makhleb.
  3358 | D:4      | Noticed an ice beast
  3365 | D:4      | Killed an ice beast
  3365 | D:4      | Reached skill level 5 in Fighting
  3365 | D:4      | Reached XP level 6. HP: 51/51 MP: 6/6
  3387 | D:4      | Found a staircase to the Ecumenical Temple.
  3387 | D:4      | Killed from afar by an orc priest

Levels and vault maps discovered:
D:1:      dpeg_arrival_fog, layout_basic
D:2:      layout_rooms
D:3:      layout_rooms, grunt_temple_overflow_champion_of_chaos,
          nicolae_overflow_hidden_temple, marbit_many_paths, old_standard_altar,
          minmay_misc_feat_nine_boxes, lightli_corner_chamber
D:4:      layout_rooms, ashenzari_altar_1, temple_statues, first_ration

Skill      XL: |  1  2  3  4  5 |
---------------+----------------+-----
Dodging        | 3 4 |  4.2
Polearms       | 5 6 |  6.7
Fighting       | 4 5 |  5.1
Armour         | 2 |  2.3

Action                   |  1- 3 |  4- 6 || total
-------------------------+-------+-------++-------
Melee: Spear             |    12 |       ||    12
       Whip              |    87 |    97 ||   184
Throw: Boomerang         |       |     3 ||     3
Invok: Berserk           |     1 |     4 ||     5
       Trog's Hand       |       |     2 ||     2
  Use: Potion            |     4 |     5 ||     9
  Eat: Ration            |     1 |     2 ||     3
       Chunk             |     1 |     1 ||     2
Armor: Skin              |    10 |       ||    10
       Animal skin       |    23 |       ||    23
       Ring mail         |     3 |    53 ||    56
Dodge: Dodged            |    64 |    72 ||   136
